 Dungeon Crawl Stone Soup version 0.23.1-37-gaa34b87 (webtiles) character file.

Game seed: 5992038138949280384

644 Yixers the Sneak (level 7, -1/37 HPs)
             Began as a Spriggan Assassin on Mar 21, 2019.
             Was an Initiate of Dithmenos.
             Slain by a phantom (4 damage)
             ... on level 5 of the Dungeon on Mar 22, 2019.
             The game lasted 00:26:18 (5862 turns).

Yixers the Sneak (Spriggan Assassin)                Turns: 5862, Time: 00:26:18

Health: -1/37      AC:  3    Str: 12    XL:     7   Next: 26%
Magic:  8/8        EV: 20    Int: 12    God:    Dithmenos [......]
Gold:   169        SH:  0    Dex: 20    Spells: 6/6 levels left

rFire    . . .     SeeInvis +   a - +0 short sword
rCold    . . .     Gourm    .   (shield restricted)
rNeg     . . .     Faith    .   w - +0 robe
rPois    .         Spirit   .   (helmet restricted)
rElec    .         Reflect  .   d - +0 cloak
rCorr    .         Harm     .   (gloves unavailable)
MR       +....                  (boots unavailable)
Stlth    ++++......             (no amulet)
HPRegen  0.12/turn              (no ring)
MPRegen  0.11/turn              (no ring)

@: mighty, lethally poisoned (-1 -> -3), very quick
A: very small, unfitting armour, see invisible, herbivore, speed 3, slow
metabolism 2
a: Renounce Religion


You were on level 5 of the Dungeon.
You worshipped Dithmenos.
Dithmenos was noncommittal.
You were not hungry.

You visited 1 branch of the dungeon, and saw 7 of its levels.

You collected 169 gold pieces.

Inventory:

Hand Weapons
 a - a +0 short sword (weapon)
 b - a +0 hunting sling
 c - a +0 blowgun
Missiles
 e - 18 poisoned needles
 f - 2 curare-tipped needles
 j - 90 stones (quivered)
Armour
 d - a +0 cloak (worn)
 n - a +1 cloak
 w - a +0 robe (worn)
 y - a cursed +0 robe
Scrolls
 h - 2 scrolls of enchant armour {unknown}
 l - 3 scrolls of teleportation {unknown}
 m - 2 scrolls of fear {unknown}
 p - 4 scrolls of identify {unknown}
 q - a scroll of remove curse {unknown}
 r - a scroll of blinking {unknown}
 t - a scroll of magic mapping {unknown}
 x - a scroll of random uselessness {unknown}
 B - a scroll of immolation {unknown}
Potions
 k - a potion of lignification {unknown}
 o - 2 potions of degeneration {unknown}
 s - a potion of heal wounds {unknown}
 u - a potion of ambrosia {unknown}
 v - a potion of haste {unknown}
 z - a potion of brilliance {unknown}
 A - a potion of flight {unknown}
Comestibles
 g - 5 rations


   Skills:
 * Level 3.6 Fighting
 + Level 4.6 Short Blades
 * Level 2.5(3.7) Slings
 + Level 3.4(3.7) Throwing
 + Level 4.2 Dodging
 + Level 7.4 Stealth


You had 6 spell levels left.
You didn't know any spells.
Your spell library contained the following spells:

 Spells                   Type           Power        Failure   Level  Hunger
 Animate Skeleton         Necr           N/A          32%         1    ##.....
 Apportation              Tloc           #.....       32%         1    ##.....
 Confusing Touch          Hex            #.....       32%         1    ##.....
 Freeze                   Ice            #...         32%         1    ##.....
 Summon Small Mammal      Summ           #...         32%         1    ##.....
 Throw Frost              Conj/Ice       #.....       45%         2    ###....
 Ozocubu's Armour         Chrm/Ice       #.......     69%         3    ####...
 Summon Ice Beast         Ice/Summ       #.......     97%         4    #####..
 Throw Icicle             Conj/Ice       #.......     97%         4    #####..


Dungeon Overview and Level Annotations

Branches:
Dungeon (7/15)
 Temple: D:4-7

Altars:
Dithmenos
Ru
Zin


Innate Abilities, Weirdness & Mutations

You are very small and have problems with some larger weapons.
You are too small for most types of armour.
You have supernaturally acute eyesight. (SInv)
You are a herbivore.
You cover ground extremely quickly.
You need to consume almost no food.


Message History

The phantom is lightly damaged.
The phantom barely misses you.
You hit the phantom but do no damage.
The phantom is lightly damaged.
The phantom closely misses you.
You miss the phantom.
The phantom is lightly damaged.
You feel sick. The phantom misses you.
You hit the phantom.
The phantom is lightly damaged.
The phantom misses you.
You hit the phantom.
The phantom is lightly damaged.
The phantom hits you!
* * * LOW HITPOINT WARNING * * *
It was a potion of might.
You feel very mighty all of a sudden.
* * * LOW HITPOINT WARNING * * *
You feel sick. The phantom hits you.
You die...

##### ## ...
### ###..
#.### #@#
.....###.#((
#W#
#..#.....(.#
#####(#
#...(..####
##...((#
##..#...#
##.ยง#####
#... ##....(
. #..## ..?
.h..o.
...####.##
#. .......
(....((.## #
...a....
...#(....###
## a........


You could see a phantom.

Vanquished Creatures
  A phantom (D:4)
  An ogre (D:2)
  A scorpion (D:5)
  A howler monkey (D:4)
  3 hounds
  3 worker ants
  4 gnolls (D:2)
  5 adders
  A shadow imp (D:4)
  2 oozes
  An adder zombie (D:5)
  3 worms
  6 dart slugs
  5 leopard geckos
  4 orcs (D:3)
  5 giant cockroaches
  5 goblins
  13 hobgoblins
  5 jackals
  2 quokkas (D:2)
  2 ball pythons
  17 bats
  4 frilled lizards
  11 kobolds
  6 rats
111 creatures vanquished.

Notes
Turn   | Place    | Note
-------+----------+-------------------------------------------
     0 | D:1      | Yixers the Spriggan Assassin began the quest for the Orb.
     0 | D:1      | Reached XP level 1. HP: 10/10 MP: 2/2
   257 | D:1      | Reached XP level 2. HP: 15/15 MP: 3/3
   395 | D:1      | Reached skill level 6 in Stealth
   903 | D:2      | Reached XP level 3. HP: 18/18 MP: 4/4
  1480 | D:2      | Noticed an ogre
  1572 | D:2      | Killed an ogre
  1572 | D:2      | Reached XP level 4. HP: 19/23 MP: 5/5
  1572 | D:2      | Reached XP level 5. HP: 23/27 MP: 6/6
  3268 | D:3      | Found a sacrificial altar of Ru.
  3795 | D:4      | Reached XP level 6. HP: 32/32 MP: 7/7
  3955 | D:4      | Reached skill level 7 in Stealth
  4227 | D:4      | You fall through a shaft for 3 floors!
  4362 | D:5      | Entered Level 5 of the Dungeon
  4362 | D:5      | Found a shadowy altar of Dithmenos.
  4366 | D:5      | Became a worshipper of Dithmenos the Shadowed
  4880 | D:4      | Reached skill level 1 in Slings
  5316 | D:4      | Found a glowing silver altar of Zin.
  5316 | D:4      | Noticed an angel
  5488 | D:4      | Reached XP level 7. HP: 36/36 MP: 8/8
  5862 | D:5      | Slain by a phantom

Skill      XL: |  1  2  3  4  5  6  7 |
---------------+----------------------+-----
Stealth        | 6 7 |  7.4
Fighting       | 2 3 |  3.6
Dodging        | 2 3 4 |  4.2
Short Blades   | 3 4 |  4.6
Throwing       | 3 |  3.4
Slings         | 1 2 |  2.5

Action                   |  1- 3 |  4- 6 |  7- 9 || total
-------------------------+-------+-------+-------++-------
Melee: Dagger            |    53 |       |       ||    53
       Short sword       |    47 |   186 |    32 ||   265
 Fire: Blowgun           |    27 |    56 |    13 ||    96
       Hunting sling     |       |    77 |    37 ||   114
Throw: Stone             |    27 |    30 |       ||    57
  Use: Potion            |       |       |     1 ||     1
 Stab: Sleeping          |     5 |    17 |     1 ||    23
  Eat: Ration            |       |       |     1 ||     1
Armor: Robe              |    13 |    20 |     2 ||    35
Dodge: Dodged            |    72 |   153 |    43 ||   268
